TOP OF THE 1ST |
Spokane Indians batting - Pitching for Minnesota (NYP) Twins : RHP Chad Casey
|
Pitching: RHP Chad Casey
|
|
Batting: RHB Orlando Melchor
|
0-0: Ball 1-0: Ball 2-0: Ground out 6-3 (Groundball, 6, EV 85.6 MPH)
|
Batting: LHB Gabriel Graves
|
0-0: Ball 1-0: Ball 2-0: Foul Ball, location: 2F 2-1: Foul Ball, location: 2F 2-2: Foul Ball, location: 2F 2-2: Foul Ball, location: 2F 2-2: Fly out, F9 (Flyball, 9, EV 96.9 MPH)
|
Batting: RHB Lupe Covarrubias
|
0-0: Ball 1-0: Ball 2-0: Ball 3-0: Base on Balls
|
Batting: RHB Luke Stark
|
0-0: Ball Lupe Covarrubias steals 2nd base (no throw) 1-0: Ball 2-0: Ball 3-0: Base on Balls
|
Batting: RHB Liu-liang Lei
|
0-0: Ball 1-0: Foul Ball, location: 2F 1-1: Fly out, F9 (Flyball, 9D, EV 94.4 MPH)
|
Top of the 1st over - 0 runs, 0 hits, 0 errors, 2 left on base; Spokane 0 - Minnesota (NYP) 0 |
BOTTOM OF THE 1ST |
Minnesota (NYP) Twins batting - Pitching for Spokane Indians : RHP Taylor Drews
|
Pitching: RHP Taylor Drews
|
|
Batting: RHB John Dew
|
0-0: Swinging Strike 0-1: Ball 1-1: Called Strike 1-2: Ground out 6-3 (Groundball, 6MS, EV 89.4 MPH)
|
Batting: SHB Manny Molina
|
0-0: Ball 1-0: Foul Ball, location: 2F 1-1: Fly out, F8 (Flyball, 8RS, EV 88.8 MPH)
|
Batting: LHB Jayden Thomas
|
0-0: Ball 1-0: Ball 2-0: Called Strike 2-1: Called Strike 2-2: Ground out 6-3 (Groundball, 6, EV 91.2 MPH)
|
Bottom of the 1st over - 0 runs, 0 hits, 0 errors, 0 left on base; Spokane 0 - Minnesota (NYP) 0 |
TOP OF THE 2ND |
Spokane Indians batting - Pitching for Minnesota (NYP) Twins : RHP Chad Casey
|
Batting: LHB Paul Perry
|
0-0: Ball 1-0: Ball 2-0: Ball 3-0: Called Strike 3-1: Base on Balls
|
Batting: RHB Matt Strong
|
0-0: Ball 1-0: Foul Ball, location: 2F 1-1: Fielders Choice at 2nd, 4-6 (Groundball, 4M, EV 79.4 MPH)
|
Batting: RHB Herb Craig
|
0-0: Ball 1-0: Called Strike Matt Strong steals 2nd, throwing error, E2 Matt Strong to third 1-1: Ball 2-1: Foul Ball, location: 2F 2-2: SINGLE (Groundball, 56S, EV 61.9 MPH) (infield hit) Matt Strong scores
|
Batting: RHB Reilly Hawkins
|
0-0: Called Strike 0-1: Swinging Strike 0-2: Strikes out swinging
|
Batting: RHB Orlando Melchor
|
0-0: Ball Herb Craig is caught stealing 2nd base 2-4
|
Top of the 2nd over - 1 run, 1 hit, 1 error, 0 left on base; Spokane 1 - Minnesota (NYP) 0 |
BOTTOM OF THE 2ND |
Minnesota (NYP) Twins batting - Pitching for Spokane Indians : RHP Taylor Drews
|
Batting: LHB Kuemon Shishido
|
0-0: Ball 1-0: Called Strike 1-1: Called Strike 1-2: Ball 2-2: Foul Ball, location: 2F 2-2: Ground out 3-1 (Groundball, 3L, EV 98.8 MPH)
|
Batting: SHB Chris Hull
|
0-0: Ball 1-0: Called Strike 1-1: Called Strike 1-2: Foul Ball, location: 2F 1-2: Strikes out looking
|
Batting: RHB Nick Phipps
|
0-0: Called Strike 0-1: Ball 1-1: Ball 2-1: Foul Ball, location: 2F 2-2: Ball 3-2: Fly out, F9 (Line Drive, 9LM, EV 86.9 MPH)
|
Bottom of the 2nd over - 0 runs, 0 hits, 0 errors, 0 left on base; Spokane 1 - Minnesota (NYP) 0 |
TOP OF THE 3RD |
Spokane Indians batting - Pitching for Minnesota (NYP) Twins : RHP Chad Casey
|
Batting: RHB Orlando Melchor
|
0-0: Ball 1-0: Foul Ball, location: 2F 1-1: Called Strike 1-2: SINGLE (Line Drive, 4MD, EV 103.8 MPH)
|
Batting: LHB Gabriel Graves
|
0-0: Ball 1-0: Ball Orlando Melchor steals 2nd base (no throw) 2-0: Ball 3-0: Called Strike 3-1: Foul Ball, location: 2F 3-2: Foul Ball, location: 2F 3-2: Base on Balls
|
Batting: RHB Lupe Covarrubias
|
0-0: Called Strike Orlando Melchor steals 3rd base (no throw) 0-1: Ball 1-1: Foul Ball, location: 2F 1-2: Ball 2-2: Foul Ball, location: 2F 2-2: Strikes out swinging
|
Batting: RHB Luke Stark
|
0-0: Called Strike Gabriel Graves steals 2nd base 0-1: Foul Ball, location: 2F 0-2: Foul Ball, location: 2F 0-2: Fly out, F4 (Line Drive, 4, EV 70.0 MPH)
|
Batting: RHB Liu-liang Lei
|
0-0: Ball 1-0: Ball 2-0: Swinging Strike 2-1: Foul Ball, location: 2F 2-2: Ball 3-2: Foul Ball, location: 2F 3-2: TRIPLE (Flyball, 9LD, EV 105.0 MPH) Orlando Melchor scores Gabriel Graves scores
|
Batting: LHB Paul Perry
|
0-0: Ball 1-0: Ball 2-0: Ball 3-0: Called Strike 3-1: Foul Ball, location: 2F 3-2: Foul Ball, location: 2F 3-2: Base on Balls
|
Batting: RHB Matt Strong
|
0-0: Ball 1-0: Ball 2-0: Fielders Choice at 2nd, 5-4 (Groundball, 5, EV 91.2 MPH)
|
Top of the 3rd over - 2 runs, 2 hits, 0 errors, 2 left on base; Spokane 3 - Minnesota (NYP) 0 |
BOTTOM OF THE 3RD |
Minnesota (NYP) Twins batting - Pitching for Spokane Indians : RHP Taylor Drews
|
Batting: RHB Leo Gonzalez
|
0-0: Ball 1-0: Called Strike 1-1: Ball 2-1: Ground out 4-3 (Groundball, 34, EV 89.4 MPH)
|
Batting: RHB Steve Raine
|
0-0: Fly out, F7 (Flyball, 7, EV 90.0 MPH)
|
Batting: RHB Andrew Rich
|
0-0: Fly out, F8 (Flyball, 8LD, EV 91.2 MPH)
|
Bottom of the 3rd over - 0 runs, 0 hits, 0 errors, 0 left on base; Spokane 3 - Minnesota (NYP) 0 |
TOP OF THE 4TH |
Spokane Indians batting - Pitching for Minnesota (NYP) Twins : RHP Chad Casey
|
Batting: RHB Herb Craig
|
0-0: Ball 1-0: Foul Ball, location: 2F 1-1: Ground out 6-3 (Groundball, 6, EV 83.8 MPH)
|
Batting: RHB Reilly Hawkins
|
0-0: Called Strike 0-1: Swinging Strike 0-2: Strikes out swinging
|
Batting: RHB Orlando Melchor
|
0-0: Called Strike 0-1: Foul Ball, location: 2F 0-2: Ball 1-2: Foul Ball, location: 2F 1-2: Foul Ball, location: 2F 1-2: SOLO HOME RUN (Flyball, 78XD, EV 110.6 MPH), Distance : 431 ft
|
Batting: LHB Gabriel Graves
|
0-0: Called Strike 0-1: Ball 1-1: SINGLE (Line Drive, 8RM, EV 102.5 MPH)
|
Batting: RHB Lupe Covarrubias
|
0-0: Called Strike Gabriel Graves steals 2nd base (no throw) 0-1: Ball 1-1: Ball 2-1: Called Strike 2-2: Ball 3-2: Strikes out swinging
|
Top of the 4th over - 1 run, 2 hits, 0 errors, 1 left on base; Spokane 4 - Minnesota (NYP) 0 |
BOTTOM OF THE 4TH |
Minnesota (NYP) Twins batting - Pitching for Spokane Indians : RHP Taylor Drews
|
Batting: RHB John Dew
|
0-0: Called Strike 0-1: Foul Ball, location: 2F 0-2: Strikes out swinging
|
Batting: SHB Manny Molina
|
0-0: DOUBLE (Flyball, 8RXD, EV 96.2 MPH)
|
Batting: LHB Jayden Thomas
|
0-0: Called Strike Manny Molina steals 3rd base 0-1: Ball 1-1: Ball 2-1: Foul Ball, location: 2F 2-2: SINGLE (Line Drive, 7LS, EV 104.4 MPH) Manny Molina scores
|
Batting: LHB Kuemon Shishido
|
0-0: Called Strike Jayden Thomas is caught stealing 2nd base 2-6 0-1: Foul Ball, location: 2F 0-2: Foul Ball, location: 2F 0-2: Fly out, F5 (Popup, 6S, EV 75.0 MPH)
|
Bottom of the 4th over - 1 run, 2 hits, 0 errors, 0 left on base; Spokane 4 - Minnesota (NYP) 1 |
TOP OF THE 5TH |
Spokane Indians batting - Pitching for Minnesota (NYP) Twins : RHP Chad Casey
|
Pitching: RHP Cody Bryant
|
|
Batting: RHB Luke Stark
|
0-0: Ball 1-0: Called Strike 1-1: Called Strike 1-2: Foul Ball, location: 2F 1-2: Ball 2-2: Foul Ball, location: 2F 2-2: Ball 3-2: Fly out, F9 (Flyball, 89D, EV 94.4 MPH)
|
Batting: RHB Liu-liang Lei
|
0-0: Called Strike 0-1: Ground out 4-3 (Groundball, 4, EV 88.1 MPH)
|
Batting: LHB Paul Perry
|
0-0: Ball 1-0: Ball 2-0: Called Strike 2-1: Ground out 6-3 (Groundball, 6, EV 90.0 MPH)
|
Top of the 5th over - 0 runs, 0 hits, 0 errors, 0 left on base; Spokane 4 - Minnesota (NYP) 1 |
BOTTOM OF THE 5TH |
Minnesota (NYP) Twins batting - Pitching for Spokane Indians : RHP Taylor Drews
|
Batting: SHB Chris Hull
|
0-0: Called Strike 0-1: Ball 1-1: Foul Ball, location: 2F 1-2: Strikes out swinging
|
Batting: RHB Nick Phipps
|
0-0: Ball 1-0: Ball 2-0: Fly out, F8 (Line Drive, 8RD, EV 88.8 MPH)
|
Batting: RHB Leo Gonzalez
|
0-0: Foul Ball, location: 2F 0-1: Swinging Strike 0-2: Strikes out swinging
|
Bottom of the 5th over - 0 runs, 0 hits, 0 errors, 0 left on base; Spokane 4 - Minnesota (NYP) 1 |
TOP OF THE 6TH |
Spokane Indians batting - Pitching for Minnesota (NYP) Twins : RHP Cody Bryant
|
Batting: RHB Matt Strong
|
0-0: Ball 1-0: Called Strike 1-1: Foul Ball, location: 2F 1-2: Foul Ball, location: 2F 1-2: Ball 2-2: Ground out 6-3 (Groundball, 6, EV 78.8 MPH)
|
Batting: RHB Herb Craig
|
0-0: Called Strike 0-1: Ball 1-1: Called Strike 1-2: Ground out 1-3 (Groundball, P, EV 72.5 MPH)
|
Batting: RHB Reilly Hawkins
|
0-0: Called Strike 0-1: Ball 1-1: Foul Ball, location: 2F 1-2: Reached on error, E4 (Groundball, 4, EV 88.1 MPH)
|
Batting: RHB Orlando Melchor
|
0-0: Ball 1-0: Ball 2-0: Called Strike 2-1: Called Strike 2-2: Strikes out swinging
|
Top of the 6th over - 0 runs, 0 hits, 1 error, 1 left on base; Spokane 4 - Minnesota (NYP) 1 |
BOTTOM OF THE 6TH |
Minnesota (NYP) Twins batting - Pitching for Spokane Indians : RHP Taylor Drews
|
Batting: RHB Steve Raine
|
0-0: Ball 1-0: Called Strike 1-1: Ball 2-1: Foul Ball, location: 2F 2-2: Foul Ball, location: 2F 2-2: Ball 3-2: SINGLE (Groundball, 5L, EV 108.1 MPH) (infield hit)
|
Batting: RHB Andrew Rich
|
0-0: Fly out, F9 (Flyball, 9D, EV 102.5 MPH)
|
Batting: RHB John Dew
|
0-0: Ball 1-0: Grounds into double play, 3-6-3 (Groundball, 3, EV 87.5 MPH)
|
Bottom of the 6th over - 0 runs, 1 hit, 0 errors, 0 left on base; Spokane 4 - Minnesota (NYP) 1 |
TOP OF THE 7TH |
Spokane Indians batting - Pitching for Minnesota (NYP) Twins : RHP Cody Bryant
|
Pitching: RHP Tom Winsor
|
|
Batting: LHB Gabriel Graves
|
0-0: Ball 1-0: Ball 2-0: Ball 3-0: Base on Balls
|
Batting: RHB Lupe Covarrubias
|
0-0: Ball 1-0: Grounds into double play, 6-4-3 (Groundball, 6, EV 100.6 MPH)
|
Batting: RHB Luke Stark
|
0-0: Ball 1-0: Swinging Strike 1-1: Foul Ball, location: 2F 1-2: Ground out 1-3 (Groundball, 15S, EV 65.0 MPH)
|
Top of the 7th over - 0 runs, 0 hits, 0 errors, 0 left on base; Spokane 4 - Minnesota (NYP) 1 |
BOTTOM OF THE 7TH |
Minnesota (NYP) Twins batting - Pitching for Spokane Indians : RHP Taylor Drews
|
Now at 1B: Herb Craig
|
|
Now at SS: Rafael Medina
|
|
Batting: SHB Manny Molina
|
0-0: Ball 1-0: Ball 2-0: Ground out 4-3 (Groundball, 4, EV 81.9 MPH)
|
Batting: LHB Jayden Thomas
|
0-0: Ball 1-0: Ball 2-0: TRIPLE (Line Drive, 78XD, EV 108.8 MPH)
|
Batting: LHB Kuemon Shishido
|
0-0: Ball 1-0: Fly out, F9 (Flyball, 89S, EV 78.1 MPH)
|
Batting: SHB Chris Hull
|
0-0: Foul Ball, location: 2F 0-1: Ball 1-1: Ground out 6-3 (Groundball, 6, EV 103.1 MPH)
|
Bottom of the 7th over - 0 runs, 1 hit, 0 errors, 1 left on base; Spokane 4 - Minnesota (NYP) 1 |
TOP OF THE 8TH |
Spokane Indians batting - Pitching for Minnesota (NYP) Twins : RHP Tom Winsor
|
Pitching: RHP Matt Lundy
|
|
Pinch Hitting: SHB Kaname Fujimoto
|
0-0: Called Strike 0-1: Foul Ball, location: 2F 0-2: SOLO HOME RUN (Flyball, 89XD, EV 108.1 MPH), Distance : 442 ft
|
Batting: LHB Paul Perry
|
0-0: Called Strike 0-1: Foul Ball, location: 2F 0-2: Ball 1-2: Ball 2-2: Fly out, F9 (Flyball, 9, EV 89.4 MPH)
|
Batting: RHB Matt Strong
|
0-0: Ball 1-0: Foul Ball, location: 2F 1-1: Ball 2-1: Swinging Strike 2-2: Ball 3-2: Foul Ball, location: 2F 3-2: Foul Ball, location: 2F 3-2: Fly out, F8 (Line Drive, 8LM, EV 100.0 MPH)
|
Batting: RHB Herb Craig
|
0-0: Called Strike 0-1: Ball 1-1: SINGLE (Groundball, 34S, EV 64.4 MPH) (infield hit)
|
Pinch Hitting: LHB Bob Gilmour
|
0-0: SINGLE (Groundball, 34D, EV 101.9 MPH) Herb Craig to second Runner from 2nd tries for 3rd, SAFE, throw by RF made to third
|
Batting: RHB Orlando Melchor
|
0-0: Called Strike 0-1: Ball 1-1: Swinging Strike 1-2: Ball 2-2: Foul Ball, location: 2F 2-2: Ball 3-2: Base on Balls Bob Gilmour to second
|
Pitching: RHP Dean Huch
|
|
Batting: LHB Gabriel Graves
|
0-0: Called Strike 0-1: Ball 1-1: Foul Ball, location: 2F 1-2: Ball 2-2: Foul Ball, location: 2F 2-2: Foul Ball, location: 2F 2-2: Foul Ball, location: 2F 2-2: Ball 3-2: GRAND SLAM HOME RUN (Flyball, 7D, EV 95.6 MPH), Distance : 379 ft
|
Batting: RHB Lupe Covarrubias
|
0-0: Ball 1-0: SOLO HOME RUN (Flyball, 7LD, EV 92.5 MPH), Distance : 356 ft
|
Batting: RHB Luke Stark
|
0-0: Ball 1-0: Foul Ball, location: 2F 1-1: Ball 2-1: Ball 3-1: Base on Balls
|
Batting: SHB Kaname Fujimoto
|
0-0: Called Strike 0-1: Swinging Strike 0-2: Ball 1-2: Ball 2-2: Foul Ball, location: 2F 2-2: Foul Ball, location: 2F 2-2: Fly out, F7 (Flyball, 7S, EV 86.2 MPH)
|
Top of the 8th over - 6 runs, 5 hits, 0 errors, 1 left on base; Spokane 10 - Minnesota (NYP) 1 |
BOTTOM OF THE 8TH |
Minnesota (NYP) Twins batting - Pitching for Spokane Indians : RHP Taylor Drews
|
Now at 1B: Kaname Fujimoto
|
|
Now at 3B: Daniel Barger
|
|
Now at SS: Herb Craig
|
|
Batting: RHB Nick Phipps
|
0-0: Ball 1-0: Called Strike 1-1: Ball 2-1: Foul Ball, location: 2F 2-2: Fly out, F7 (Flyball, 7, EV 78.1 MPH)
|
Batting: RHB Leo Gonzalez
|
0-0: Ball 1-0: Ball 2-0: Foul Ball, location: 2F 2-1: Called Strike 2-2: Ball 3-2: Strikes out looking
|
Batting: RHB Steve Raine
|
0-0: Ball 1-0: Foul Ball, location: 2F 1-1: Ground out 5-3 (Groundball, 56S, EV 76.2 MPH)
|
Bottom of the 8th over - 0 runs, 0 hits, 0 errors, 0 left on base; Spokane 10 - Minnesota (NYP) 1 |
TOP OF THE 9TH |
Spokane Indians batting - Pitching for Minnesota (NYP) Twins : RHP Dean Huch
|
Pinch Hitting: LHB Antonio Domingues
|
0-0: Ball 1-0: Ball 2-0: Ball 3-0: Base on Balls
|
Batting: RHB Matt Strong
|
0-0: Called Strike 0-1: Ball Antonio Domingues steals 2nd base 1-1: Foul Ball, location: 2F 1-2: Strikes out swinging
|
Pinch Hitting: RHB Zach Koblinski
|
0-0: Ball 1-0: Foul Ball, location: 2F 1-1: Ball 2-1: Ball 3-1: Fly out, F7 (Flyball, 7, EV 92.5 MPH)
|
Batting: RHB Daniel Barger
|
0-0: Called Strike 0-1: Ball 1-1: Foul Ball, location: 2F 1-2: Ball 2-2: Foul Ball, location: 2F 2-2: Ball 3-2: Foul Ball, location: 2F 3-2: Foul Ball, location: 2F 3-2: Foul Ball, location: 2F 3-2: Foul Ball, location: 2F 3-2: Foul Ball, location: 2F 3-2: 2-RUN HOME RUN (Flyball, 78XD, EV 107.5 MPH), Distance : 423 ft
|
Pitching: RHP Aaron Elliott
|
|
Pinch Hitting: RHB Sergio Zamora
|
0-0: Called Strike 0-1: Ball 1-1: Fly out, F7 (Flyball, 7D, EV 95.6 MPH)
|
Top of the 9th over - 2 runs, 1 hit, 0 errors, 0 left on base; Spokane 12 - Minnesota (NYP) 1 |
BOTTOM OF THE 9TH |
Minnesota (NYP) Twins batting - Pitching for Spokane Indians : RHP Taylor Drews
|
Now at 1B: Antonio Domingues
|
|
Now at SS: Zach Koblinski
|
|
Now in LF: Kaname Fujimoto
|
|
Now in CF: Casper Kersten
|
|
Batting: RHB Andrew Rich
|
0-0: Ball 1-0: Ball 2-0: Called Strike 2-1: Called Strike 2-2: Ball 3-2: Strikes out swinging
|
Batting: RHB John Dew
|
0-0: Ball 1-0: Swinging Strike 1-1: Called Strike 1-2: Strikes out looking
|
Batting: SHB Manny Molina
|
0-0: Foul Ball, location: 2F 0-1: Ball 1-1: Foul Ball, location: 2F 1-2: Foul Ball, location: 2F 1-2: Ball 2-2: SINGLE (Groundball, 6MD, EV 90.6 MPH) (infield hit)
|
Pitching: RHP Torsten Fisher
|
|
Batting: LHB Jayden Thomas
|
0-0: Ball 1-0: Called Strike 1-1: Ball 2-1: Swinging Strike 2-2: Ball Wild Pitch! Manny Molina to second 3-2: TRIPLE (Flyball, 78XD, EV 96.9 MPH) Manny Molina scores
|
Batting: LHB Kuemon Shishido
|
0-0: Ball 1-0: Called Strike 1-1: Swinging Strike 1-2: Fly out, F7 (Flyball, 78D, EV 92.5 MPH)
|
Bottom of the 9th over - 1 run, 2 hits, 0 errors, 1 left on base; Spokane 12 - Minnesota (NYP) 2 |
|